Map: Eternal Empire LE

Players

Serral

  • Race: Zerg Zerg
  • League: Grandmaster
  • Spawn Location: 1:00

LiquidClem (Clem) - Winner!

  • Race: Terran Terran
  • League: Master
  • Spawn Location: 7:00

Event: DreamHack SC2 Masters 2020 Fall

VOD

Have the link to the VOD?

Description

Time

  • Played on: Sept. 19, 2020, 1:54 p.m.
  • Length: 5:30

All games in this series

Show
View Real Time Build Order
Export as new Build Order

Serral Zerg 

Build Orders: Hatch First 

Get SALT Encoding   

  12  0:00  Drone  
  13  0:12  Overlord  
  13  0:16  Drone  
  14  0:30  Drone x2  
  16  0:48  Hatchery  
  15  0:51  Drone  
  15  0:54  Drone  
  17  0:57  Drone  
  18  1:08  Extractor  
  17  1:13  Spawning Pool  
  17  1:16  Drone  
  17  1:20  Drone  
  18  1:27  Drone  
  19  1:38  Drone  
  20  1:49  Overlord  
  20  2:00  Queen x2  
  20  2:01  Zergling x4  
  26  2:12  Drone x2, Metabolic Boost  
  28  2:21  Drone x2  
  30  2:34  Overlord  
  30  2:35  Drone  
  30  2:36  Queen  
  32  2:45  Drone x2  
  32  2:51  Extractor  
  33  2:53  Drone x2  
  35  3:04  Drone x2  
  37  3:08  Hatchery  
  37  3:10  Extractor  
  36  3:13  Overlord  
  36  3:14  Zergling x2  
  36  3:16  Drone x2  
  39  3:23  Zergling x2  
  39  3:24  Queen  
  42  3:29  Overlord  
  42  3:30  Drone  
  44  3:36  Drone  
  44  3:39  Overlord  
  45  3:44  Drone  
  45  3:45  Drone x3  
  49  3:48  Zergling x4  
  49  3:52  Overlord  
  49  3:53  Drone  
  52  4:00  Queen  
  52  4:02  Drone  
  55  4:05  Zergling x2  
  56  4:12  Drone  
  56  4:13  Spore Crawler  
  56  4:15  Zergling x2  
  56  4:16  Drone x3  
  60  4:20  Queen  
  60  4:22  Lair, Zergling x2  
  60  4:23  Drone  
  64  4:27  Drone  
  65  4:34  Baneling Nest  
  65  4:35  Zergling x2  
  65  4:37  Drone x3  
  65  4:38  Zergling x2  
  69  4:39  Queen  
  70  4:51  Zergling x12  
  67  4:58  Zergling x4  
  68  5:06  Zergling x4  
  62  5:13  Zergling x2  
Show
View Real Time Build Order
Export as new Build Order

LiquidClem Terran - Winner!

Build Orders: Hellion Opening, Liberator Opening, Reaper Expand 

Get SALT Encoding   

  12  0:00  SCV  
  13  0:12  SCV  
  14  0:17  Supply Depot  
  14  0:24  SCV  
  15  0:38  SCV  
  15  0:40  Barracks  
  16  0:43  Refinery  
  16  0:50  SCV  
  17  1:02  SCV  
  18  1:15  SCV  
  19  1:27  Reaper, Orbital Command  
  20  1:39  Command Center  
  20  1:48  Supply Depot  
  20  1:52  SCV  
  21  1:59  Marine  
  22  2:04  SCV  
  23  2:11  Factory  
  23  2:14  Refinery  
  23  2:17  SCV  
  23  2:20  Barracks Reactor  
  24  2:29  SCV  
  25  2:41  SCV  
  26  2:53  Orbital Command  
  26  2:54  SCV  
  26  2:57  Starport  
  27  3:02  Hellion x2  
  27  3:03  Marine  
  32  3:07  SCV  
  33  3:20  SCV  
  33  3:21  SCV, Supply Depot  
  33  3:23  Hellion  
  33  3:24  Hellion  
  33  3:25  Marine  
  40  3:36  Medivac  
  40  3:37  SCV  
  43  3:41  SCV  
  43  3:43  Supply Depot, Marine  
  43  3:48  Armory  
  45  3:49  Hellion  
  45  3:54  Hellion  
  45  3:55  SCV  
  50  3:58  SCV  
  51  4:06  Supply Depot, Barracks Tech Lab  
  51  4:07  SCV  
  52  4:10  SCV  
  52  4:13  Hellion  
  52  4:15  Liberator  
  58  4:19  Hellion  
  58  4:20  SCV  
  58  4:23  SCV  
  62  4:31  Supply Depot  
  62  4:32  SCV  
  63  4:41  SCV  
  64  4:48  Hellion x2  
  64  4:52  SCV  
  69  4:53  SCV  
  69  4:57  Marine  
  71  5:01  Command Center  
  71  5:04  SCV  
  71  5:05  SCV  
  73  5:09  Barracks  
  73  5:10  Barracks  
  77  5:17  Supply Depot  
  77  5:21  Supply Depot  
  78  5:24  Engineering Bay  

Tags
 
Add a new tag
Caveats
  • Supply blocks, unpowered buildings, or Contaminate may cause inaccurate times.
  • Supply counts are checked every 10 seconds.